 Dungeon Crawl Stone Soup version 0.24.0-37-gcf1ca852f1 (webtiles) character file.

Game seed: 16298470674420817395, levelgen mode: deterministic

56 Belius the Skirmisher (level 4, 0/37 HPs)
             Began as a Formicid Abyssal Knight on Dec 5, 2019.
             Was a Follower of Lugonu.
             Slain by a gnoll
             ... wielding a +0 whip
              (8 damage)
             ... on level 2 of the Dungeon.
             The game lasted 00:02:22 (1376 turns).

Belius the Skirmisher (Formicid Abyssal Knight)     Turns: 1376, Time: 00:02:23

Health: 0/37       AC:  3    Str: 18    XL:     4   Next: 17%
Magic:  5/5        EV: 11    Int: 11    God:    Lugonu [*.....]
Gold:   70         SH:  0    Dex: 10    Spells: 3/3 levels left

rFire    . . .     SeeInvis +   a - +1 falchion
rCold    . . .     Gourm    .   (no shield)
rNeg     . . .     Faith    .   b - +0 leather armour
rPois    .         Spirit   .   (helmet unavailable)
rElec    .         Reflect  .   (no cloak)
rCorr    .         Harm     .   (no gloves)
MR       .....                  (no boots)
Stlth    +.........             (no amulet)
HPRegen  0.12/turn              (no ring)
MPRegen  0.09/turn              (no ring)

@: no status effects
A: permanent stasis, dig shafts and tunnels, four strong arms, antennae 3
a: Dig, Shaft Self, Depart the Abyss, Renounce Religion


You were on level 2 of the Dungeon.
You worshipped Lugonu.
Lugonu was aware of your devotion.
You were near starving.

You visited 1 branch of the dungeon, and saw 2 of its levels.
You visited the Abyss 1 time.

You collected 70 gold pieces.

Inventory:

Hand Weapons
 a - a +1 falchion (weapon)
Armour
 b - a +0 leather armour (worn)
Scrolls
 d - 2 scrolls of identify {unknown}
 e - a scroll of teleportation {unknown}
 g - 2 scrolls of remove curse {unknown}
 i - a scroll of enchant weapon {unknown}
 j - a scroll of blinking {unknown}
Potions
 f - a potion of curing
 h - a potion of mutation {unknown}
 k - a potion of resistance {unknown}
 l - a potion of brilliance {unknown}
Comestibles
 c - 2 rations


   Skills:
 + Level 4.2 Fighting
 + Level 2.9 Long Blades
 + Level 2.5 Armour
 - Level 1.0 Dodging
 + Level 0.8 Stealth
 + Level 2.3 Invocations


You had 3 spell levels left.
You didn't know any spells.
Your spell library was empty.

Dungeon Overview and Level Annotations

Branches:
Dungeon (2/15)

Altars:


Innate Abilities, Weirdness & Mutations

You cannot be hasted, slowed, berserked, paralysed or teleported.
You can dig through walls and to a lower floor.
Your four strong arms can wield two-handed weapons with a shield.
You have a pair of large antennae on your head. (SInv)


Message History

You hit the gnoll.
The gnoll is moderately wounded.
The gnoll hits you with a +0 spear!
You hit the gnoll.
The gnoll is severely wounded.
The gnoll hits you with a +0 spear. The gnoll completely misses you.
You hit the gnoll.
You kill the gnoll!
Lugonu accepts your kill.
You have reached level 4!
You feel stronger.
You barely miss the gnoll. The gnoll hits you with a +0 whip.
You hit the gnoll but do no damage. The gnoll misses you.
You riposte.
You closely miss the gnoll. You hit the gnoll but do no damage.
The gnoll hits you with a +0 whip!
* * * LOW HITPOINT WARNING * * *
You slash the gnoll!
The gnoll is severely wounded.
The gnoll hits you with a +0 whip!
You die...

...........#
...[.......#
...........#
...........#
.......(...#
########
.......gg..#
#....... ###'#
#.......
##g#.######.......
#@#...............
####..............
#............>.
##.............
#............. {
#.......<.....
#...........<.
#.............
#.............


You could see a gnoll.

Vanquished Creatures
  A gnoll (D:2)
  An adder (D:2)
  A worm (D:2)
  A dart slug (D:1)
  A leopard gecko (D:1)
  A hobgoblin (D:1)
  7 jackals (D:1)
  2 bats
  A frilled lizard (D:1)
  6 goblins (D:1)
  5 kobolds (D:1)
  5 rats
32 creatures vanquished.

Notes
Turn   | Place    | Note
-------+----------+-------------------------------------------
     0 | Abyss:1  | Belius the Formicid Abyssal Knight began the quest for the
                  | Orb.
     0 | Abyss:1  | Reached XP level 1. HP: 18/18 MP: 2/2
    53 | Abyss:1  | Noticed a small abomination
    55 | Abyss:1  | Noticed a quasit
    56 | D:1      | Escaped the Abyss
   105 | D:1      | Reached XP level 2. HP: 21/24 MP: 3/3
   119 | D:1      | Reached skill level 1 in Dodging
   161 | D:1      | Reached * piety under Lugonu
   436 | D:1      | Reached skill level 4 in Fighting
   436 | D:1      | Reached XP level 3. HP: 30/30 MP: 4/4
  1372 | D:2      | Reached XP level 4. HP: 20/37 MP: 5/5
  1376 | D:2      | Slain by a gnoll

Levels and vault maps discovered:
D:1:      saegor_arrival_simple_a, layout_basic
D:2:      layout_basic, grunt_temple_overflow_opulence, first_ration,
          minmay_tripent

Skill      XL: |  1  2 |
---------------+-------+-----
Dodging        | 1 |  1.0
Fighting       | 4 |  4.2
Long Blades    | |  2.9
Armour         | |  2.5
Stealth        | |  0.8
Invocations    | |  2.3

Action                   |  1- 3 |  4- 6 || total
-------------------------+-------+-------++-------
Melee: Falchion          |    88 |     4 ||    92
Invok: Depart the Abyss  |     1 |       ||     1
 Abil: Dig               |     3 |       ||     3
  Use: Potion            |     1 |       ||     1
 Stab: Sleeping          |     1 |       ||     1
Armor: Leather armour    |    19 |       ||    19
Dodge: Dodged            |    75 |     1 ||    76
       Rpst.: Falchion   |    18 |     1 ||    19
